 Dungeon Crawl Stone Soup version 0.29-a0-857-g9b1aa3ac5b (webtiles) character file.

Game seed: 8487345391841134578

140 xian the Magician (level 5, -1/35 HPs)
             Began as a Demonspawn Hedge Wizard on July 17, 2022.
             Slain by a bullfrog (5 damage)
             ... in a sewer.
             The game lasted 00:06:31 (3366 turns).

xian the Magician (Demonspawn Hedge Wizard)         Turns: 3366, Time: 00:06:31

Health: -1/35      AC:  5    Str: 12    XL:     5   Next: 2%
Magic:  9/11       EV: 14    Int: 15    God:
Gold:   68         SH:  4    Dex: 13    Spells: 11/12 levels left

rFire   . . .      SeeInvis .   a - +0 dagger
rCold   . . .      Faith    .   (no shield)
rNeg    . . .      Spirit   .   b - +0 robe
rPois   .          Reflect  .   c - +0 hat
rElec   .          Harm     .   g - +0 cloak
rCorr   .          Rampage  .   i - +1 pair of gloves
Will    .....                   (no boots)
Stlth   +.........              (no amulet)
HPRegen 0.11/turn               (no ring)
MPRegen 0.12/turn               (no ring)

@: about to teleport, very slow
A: horns 1, repulsion field 1, condensation shield
a: no special abilities


You were in a sewer.
You visited 1 branch of the dungeon, and saw 3 of its levels.
You also visited: Sewer.

You collected 68 gold pieces.

Inventory:

Hand Weapons
 a - a +0 dagger (weapon)
Missiles
 n - 4 poisoned darts
Armour
 b - a +0 robe (worn)
 c - a +0 hat (worn)
 g - a +0 cloak (worn)
 i - a +1 pair of gloves (worn)
 o - a +0 helmet
Jewellery
 m - a ring of resist corrosion
Scrolls
 h - 2 scrolls of immolation
Potions
 d - a potion of magic
 e - 2 potions of curing
 f - a potion of attraction
 l - a potion of cancellation


   Skills:
 + Level 0.1 Fighting
 + Level 0.6 Short Blades
 + Level 2.4 Dodging
 + Level 2.2 Stealth
 + Level 4.3 Spellcasting
 + Level 2.1 Conjurations
 + Level 1.0 Summonings
 + Level 0.8 Translocations


You had 11 spell levels left.
You knew the following spells:

 Your Spells              Type           Power      Damage    Failure   Level
a - Magic Dart            Conj           36%        1d4       8%          1

Your spell library contained the following spells:

 Spells                   Type           Power      Damage    Failure   Level
 Slow                     Hex            12%        N/A       17%         1
 Call Imp                 Summ           6%         N/A       17%         2
 Blink                    Tloc           10%        N/A       19%         2
 Call Canine Familiar     Summ           6%         N/A       34%         3
 Conjure Flame            Conj/Fire      6%         6-21      34%         3
 Mephitic Cloud           Conj/Pois/Air  5%         N/A       36%         3
 Portal Projectile        Hex/Tloc       8%         N/A       41%         3
 Leda's Liquefaction      Hex/Erth       1%         N/A       86%         4


Dungeon Overview and Level Annotations

Branches:
Dungeon (3/15)              Sewer (1/1)

Altars:

Annotations:
D:2 1 runed translucent door, Crazy Yiuf


Innate Abilities, Weirdness & Mutations

You have a pair of small horns on your head.
You are surrounded by a mild repulsion field. (EV +2)
A meltable shield of frost defends you. (SH +4)


Message History

The bullfrog is severely wounded.
The bullfrog barely misses you. You block the bullfrog's attack.
The bullfrog hits you.
* * * LOW HITPOINT WARNING * * *
The bullfrog closely misses you.
Unknown command.
You enter the shallow water.
Moving in this stuff is going to be slow.
The bullfrog barely misses you. x2
The bullfrog hits you but does no damage.
The bullfrog barely misses you. The bullfrog misses you.
The bullfrog attacks as you move away! The bullfrog hits you.
* * * LOW HITPOINT WARNING * * *
The bullfrog closely misses you. The bullfrog misses you. x2
The bullfrog hits you.
* * * LOW HITPOINT WARNING * * *
It was a potion of curing.
You feel better. You block the bullfrog's attack.
The bullfrog hits you but does no damage.
Unknown command.
It was a potion of attraction.
You feel attractive to monsters.
The bullfrog closely misses you. x3; The bullfrog misses you.
It was a potion of cancellation.
Your magical effects are unravelling.
You feel magically purged. The bullfrog hits you.
The bullfrog closely misses you.
You feel less attractive to monsters. The bullfrog attacks as you move away!
The bullfrog misses you. The bullfrog attacks as you move away!
The bullfrog closely misses you. The bullfrog hits you.
* * * LOW HITPOINT WARNING * * *
The bullfrog hits you.
* * * LOW HITPOINT WARNING * * *
The bullfrog hits you.
* * * LOW HITPOINT WARNING * * *
The bullfrog hits you but does no damage.
As you read the scroll of teleportation, it crumbles to dust.
You feel strangely unstable.
The bullfrog hits you but does no damage.
The bullfrog hits you.
You die...

#.# ≈≈≈≈.=$:≈≈≈≈≈≈≈≈.#
#∩# #.#
#≈≈≈≈≈?$≈≈≈≈≈≈≈≈≈.# #.#
#.# #≈≈≈≈≈.≈≈≈≈≈≈≈≈≈≈.#
### #.#
#≈≈≈≈≈.≈..≈≈≈≈≈≈≈.# #≈#
#≈≈≈.≈...≈≈≈≈≈≈≈.# #≈#
#≈≈∩...≈≈≈≈≈≈≈≈≈.# #≈#
#≈≈≈≈≈≈≈≈≈≈≈≈≈≈≈.# #≈#
##≈≈≈FF≈≈≈≈≈≈≈≈≈.# #≈#
#≈≈≈≈@≈≈≈≈≈≈≈≈≈.# #.#
##≈≈≈≈≈≈≈≈≈.≈≈≈.#
#≈########≈≈≈≈≈≈≈≈.≈≈≈.#
#.≈≈≈.≈≈≈≈≈≈≈≈≈≈..≈≈≈≈.#
#≈≈≈≈≈≈≈≈≈≈≈≈≈≈≈≈≈≈≈≈≈.#
#.≈≈≈≈≈≈≈≈≈≈≈≈≈≈≈≈≈≈≈≈.#
#.≈≈≈≈≈≈≈≈≈≈≈≈≈≈≈≈≈≈≈..#
#........≈≈.≈≈≈≈≈.....##
#######################


You could see 2 bullfrogs.

Vanquished Creatures
  7 adders
  2 dart slugs
  2 orcs (D:3)
  6 ball pythons
  6 endoplasms
  8 giant cockroaches
  3 hobgoblins
  5 jackals (D:1)
  5 kobolds
  9 quokkas
  9 frilled lizards
  2 goblins
  4 rats
68 creatures vanquished.

Notes
Turn   | Place    | Note
-------+----------+-------------------------------------------
     0 | D:1      | xian the Demonspawn Hedge Wizard began the quest for the
                  | Orb.
     0 | D:1      | Reached XP level 1. HP: 13/13 MP: 4/4
   481 | D:1      | Gained mutation: You are surrounded by a mild repulsion
                  | field. (EV +2) [demonic ancestry]
   481 | D:1      | Reached XP level 2. HP: 19/19 MP: 1/6
   937 | D:1      | Found a faded altar of an unknown god.
  1318 | D:1      | You fall into a shaft and drop 1 floor!
  1329 | D:2      | Reached XP level 3. HP: 24/24 MP: 5/8
  2096 | D:2      | Gained mutation: You have a pair of small horns on your
                  | head. [demonic ancestry]
  2096 | D:2      | Reached XP level 4. HP: 30/30 MP: 3/9
  2267 | D:2      | Found a runed translucent door.
  2268 | D:2      | Noticed Crazy Yiuf
  2480 | D:3      | Reached skill level 4 in Spellcasting
  2508 | D:3      | Found a glowing drain.
  2568 | Sewer    | Entered a sewer
  3198 | Sewer    | Gained mutation: A meltable shield of frost defends you.
                  | (SH +4) [demonic ancestry]
  3198 | Sewer    | Reached XP level 5. HP: 35/35 MP: 8/11
  3366 | Sewer    | Slain by a bullfrog

Illustrated notes

Levels and vault maps discovered:
D:1:      evilmike_arrival_crescent, layout_loops_ring,
          ebering_ecumenical_altar_rust
D:2:      layout_loops_corners, serial_shops, nicolae_shop_behind_doors,
          basic_altar, grunt_ministairs_5, uniq_crazy_yiuf_cottage
D:3:      layout_loops_ring, portal_sewer_entry_f, hex_medium, wad_orctagon
Sewer:    sewer_frog_island_01

Skill      XL: |  1  2  3  4 |
---------------+-------------+-----
Stealth        | 2 |  2.2
Dodging        | 2 |  2.4
Spellcasting   | 4 |  4.3
Conjurations   | 2 |  2.1
Fighting       | |  0.1
Short Blades   | |  0.6
Summonings     | |  1.0
Translocations | |  0.8

Action                   |  1- 3 |  4- 6 || total
-------------------------+-------+-------++-------
Melee: Dagger            |    82 |    34 ||   116
       Punch             |     1 |     1 ||     2
       Headbutt          |       |     7 ||     7
 Cast: Magic Dart        |    84 |    93 ||   177
  Use: Scroll            |     1 |     3 ||     4
       Potion            |       |     3 ||     3
Armor: Robe              |    25 |    27 ||    52
Dodge: Dodged            |    83 |    60 ||   143
Block: Other             |       |     3 ||     3

Table legend: (Time is in decaauts)
 A = Elapsed time spent in this place.
 B = Non-inter-level travel time spent in this place.
 C = Inter-level travel time spent in this place.
 D = Time resting spent in this place.
 E = Time spent auto-exploring this place.
 F = Levels seen in this place.
 G = Mean time per level.
                   A        B        C        D        E       F      G
               +--------+--------+--------+--------+--------+-----+--------+
         Total |   3406 |   3361 |     45 |      0 |   2626 |   4 |  851.5 |
       Dungeon |   2574 |   2529 |     45 |      0 |   1930 |   3 |  858.0 |
         Sewer |    832 |    832 |      0 |      0 |    696 |   1 |  832.0 |
               +--------+--------+--------+--------+--------+-----+--------+

Top non-repeatable levels by time:
     D:1: 1318 daAuts
     D:2: 971 daAuts
   Sewer: 832 daAuts
     D:3: 284 daAuts
